 Dungeon Crawl Stone Soup version 0.29-a0-721-g7f417c9bbb (webtiles) character file.

Game seed: 18302279879859110088

58528 dolemite99 the Severer (level 14, -3/133 HPs)
             Began as a Hill Orc Fighter on June 27, 2022.
             Was an Initiate of Gozag.
             Slain by a minotaur simulacrum (17 damage)
             ... in an ice cave.
             The game lasted 00:34:50 (33640 turns).

dolemite99 the Severer (Hill Orc Fighter)          Turns: 33640, Time: 00:34:50

Health: -3/133     AC: 25    Str: 24    XL:     14   Next: 91%
Magic:  0/14       EV:  7    Int:  8    God:    Gozag
Gold:   774        SH:  4    Dex: 10    Spells: 13/13 levels left

rFire   . . .      SeeInvis +   a - +2 broad axe
rCold   + . .      Faith    .   U - +0 buckler
rNeg    . . .      Spirit   +   J - +0 plate armour
rPois   .          Reflect  .   I - +1 hat
rElec   .          Harm     .   (no cloak)
rCorr   .          Rampage  .   o - +1 pair of gloves
Will    +....                   R - +0 pair of boots
Stlth   ..........              V - amulet "Witan" {Spirit +Inv rC+}
HPRegen 0.32/turn               s - +4 ring of protection {=R}
MPRegen 0.14/turn               q - ring of see invisible

@: gold aura
A: no striking features
a: Renounce Religion, Evoke Invisibility, Potion Petition, Call Merchant, Bribe
Branch


You were in an ice cave.
You worshipped Gozag.
Gozag was pleased with you.
You visited 2 branches of the dungeon, and saw 20 of its levels.
You also visited: Ice Cave.

You collected 5465 gold pieces.
You spent 303 gold pieces at shops.
You donated 16 gold pieces to Zin.
You paid 4372 gold pieces to Gozag.

Inventory:

Hand Weapons
 a - a +2 broad axe (weapon)
 b - a +2 sling of freezing
 c - the +9 war axe of the Mind {venom, Str+2 Dex+2}
   (You found it on level 2 of the Lair of Beasts)

   It poisons the flesh of those it strikes.
   Str:       It affects your strength (+2).
   Dex:       It affects your dexterity (+2).
 O - a +3 eveningstar
 Z - a +1 demon whip of venom
Missiles
 d - 22 javelins
 n - a throwing net
 p - 12 boomerangs (quivered)
 Q - 8 curare-tipped darts
Armour
 o - a +1 pair of gloves (worn)
 I - a +1 hat (worn)
 J - a +0 plate armour (worn)
 R - a +0 pair of boots (worn)
 U - a +0 buckler (worn)
Magical Staves
 r - a staff of death
Jewellery
 q - a ring of see invisible (right hand)
 s - a +4 ring of protection (left hand) {=R}
 u - an amulet of guardian spirit
 w - a ring of wizardry
 z - a ring of ice
 H - a +4 ring of protection
 M - the amulet of Vitality {RegenMP++ Regen++}
   (You found it on level 6 of the Lair of Beasts)

   [amulet of magic regeneration]

   It increases your rate of magic regeneration.
   Regen:     It increases your rate of health regeneration.
 V - the amulet "Witan" (around neck) {Spirit +Inv rC+}
   (You found it on level 13 of the Dungeon)

   [amulet of guardian spirit]

   It causes incoming damage to be divided between your reserves of health and
   magic.
   rC:        It protects you from cold.
   +Inv:      It lets you turn invisible.
 W - a ring of protection from cold
 X - a ring of fire
 Y - a ring of resist corrosion
Wands
 e - a wand of iceblast (5)
 m - a wand of charming (12)
 F - a wand of flame (4)
 N - a wand of polymorph (6)
 P - a wand of digging (8)
Scrolls
 f - 6 scrolls of teleportation
 h - 3 scrolls of magic mapping
 j - 3 scrolls of vulnerability
 y - 9 scrolls of identify {@r1}
 C - a scroll of poison
 D - 3 scrolls of blinking
 E - 4 scrolls of fog
 L - 3 scrolls of enchant armour
Potions
 g - a potion of heal wounds
 i - 6 potions of haste
 k - 2 potions of cancellation
 l - 4 potions of lignification
 t - 4 potions of flight
 v - 6 potions of mutation
 x - 4 potions of ambrosia
 A - 8 potions of curing
 B - a potion of attraction
 G - 4 potions of brilliance
 S - a potion of magic
 T - a potion of invisibility


   Skills:
 + Level 14.6 Fighting
 - Level 18.0 Axes
 - Level 11.0 Ranged Weapons
 - Level 14.1 Armour
 - Level 3.2 Shields
 - Level 6.6 Evocations


You had 13 spell levels left.
You didn't know any spells.
Your spell library contained the following spells:

 Spells                   Type           Power      Damage    Failure   Level
 Apportation              Tloc           0%         N/A       99%         1
 Magic Dart               Conj           0%         1d3       99%         1
 Necrotize                Necr           0%         1d4       99%         1
 Sandblast                Erth           0%         2d4       99%         1
 Slow                     Hex            0%         N/A       99%         1
 Summon Small Mammal      Summ           0%         N/A       99%         1
 Blink                    Tloc           0%         N/A       100%        2
 Call Imp                 Summ           0%         N/A       100%        2
 Ensorcelled Hibernation  Hex/Ice        0%         N/A       100%        2
 Passwall                 Tmut/Erth      0%         N/A       100%        2
 Poisonous Vapours        Pois/Air       0%         N/A       100%        2
 Static Discharge         Conj/Air       0%         N/A       100%        2
 Sublimation of Blood     Necr           0%         N/A       100%        2
 Wereblood                Tmut           0%         N/A       100%        2
 Confusing Touch          Hex            0%         N/A       100%        3
 Mephitic Cloud           Conj/Pois/Air  0%         N/A       100%        3
 Spider Form              Tmut/Pois      0%         N/A       100%        3
 Stone Arrow              Conj/Erth      0%         3d7       100%        3
 Tukima's Dance           Hex            0%         N/A       100%        3
 Vampiric Draining        Necr           0%         2d6       100%        3
 Anguish                  Hex/Necr       0%         N/A       100%        4
 Animate Armour           Summ/Erth      0%         N/A       100%        4
 Dispel Undead            Necr           0%         3d6       100%        4
 Leda's Liquefaction      Hex/Erth       0%         N/A       100%        4
 Passage of Golubria      Tloc           0%         N/A       100%        4
 Petrify                  Tmut/Erth      0%         N/A       100%        4
 Alistair's Intoxication  Tmut/Pois      0%         N/A       100%        5
 Borgnjor's Vile Clutch   Necr/Erth      0%         N/A       100%        5
 Lee's Rapid Deconstruct  Erth           0%         3d5*      100%        5
 Lightning Bolt           Conj/Air       0%         1d11      100%        5
 Manifold Assault         Tloc           0%         N/A       100%        5
 Metabolic Englaciation   Hex/Ice        0%         N/A       100%        5
 Yara's Violent Unravell  Hex/Tmut       0%         3d3       100%        5
 Death Channel            Necr           0%         N/A       100%        6
 Statue Form              Tmut/Erth      0%         N/A       100%        6
 Haunt                    Necr/Summ      0%         N/A       100%        7
 Storm Form               Tmut/Air       0%         N/A       100%        7
 Summon Hydra             Summ           0%         N/A       100%        7
 Infestation              Necr           0%         N/A       100%        8
 Lehudib's Crystal Spear  Conj/Erth      0%         10d2      100%        8
 Animate Dead             Necr           Unusable   N/A       N/A         4
 Corpse Rot               Necr/Pois/Air  Unusable   N/A       N/A         4

Dungeon Overview and Level Annotations

Branches:
Dungeon (14/15)            Temple (0/1) D:5            Lair (6/6) D:8
  Swamp (0/4) Lair:3       Spider (0/4) Lair:2        Slime (0/5) Lair:6
    Orc (0/2) D:9           IceCv (1/1)
 Vaults: D:13-14

Altars:
Fedhas
Gozag
Kikubaaqudgha
Makhleb
Ru
Vehumet
Zin

Shops:
D:4 !   D:8 (

Annotations:
D:9 digging vault


Message History

The white ugly thing looks as sick as possible!
The white ugly thing is distracted by your dazzling golden aura.
The meliai is engulfed in poison gas.
The meliai looks even sicker.
The orange demon is engulfed in poison gas.
The orange demon looks even sicker.
The deep elf knight is poisoned.
The deep elf knight is distracted by your dazzling golden aura.
The world spins around you as you enter the gateway.
You enter an ice cave!
Found an ice covered gate leading back out of this place.
There is an ice choked empty arch of ancient stone here.
The minotaur simulacrum is distracted by your dazzling golden aura.
The spriggan defender simulacrum hits you but does no damage.
The spriggan defender simulacrum hits you.
The spriggan defender simulacrum freezes you!
You resist.
You slice the spriggan defender simulacrum!!
The spriggan defender simulacrum is heavily damaged.
The spriggan defender simulacrum hits you!
The spriggan defender simulacrum freezes you!
You resist.
You slice the spriggan defender simulacrum!!
The spriggan defender simulacrum is almost destroyed.
The minotaur simulacrum is no longer distracted by gold.
The spriggan defender simulacrum hits you but does no damage.
You slice the spriggan defender simulacrum!!
The spriggan defender simulacrum vaporises!
You are too injured to fight recklessly!
You are too injured to fight recklessly!
You are too injured to fight recklessly!
You slash the minotaur simulacrum!
The minotaur simulacrum is moderately damaged.
The minotaur simulacrum hits you!
* * * LOW HITPOINT WARNING * * *
The minotaur simulacrum freezes you! You resist.
* * * LOW HITPOINT WARNING * * *
The minotaur simulacrum gores you!
* * * LOW HITPOINT WARNING * * *
The minotaur simulacrum freezes you!! You resist.
You die...
Your body crumbles into a pile of gold.

#####
##...##
##.....##
#...∩...#
#...∩...#
##.....##
##...##
#Z@.#
#...##
#...#
##...
#...#
.....
......
.......


You could see a minotaur simulacrum.

Vanquished Creatures
  Gastronok (D:11)
  Josephine (D:12)
  Erolcha (D:11)
  4 hydras
  4 catoblepae
  2 two-headed ogres (D:9)
  Urug (Lair:1)
  5 death yaks (Lair:6)
  Sonja (Lair:5)
  Amaemon (Lair:3)
  A spriggan simulacrum (IceCv)
  A bog body (Lair:3)
  A deep elf pyromancer (D:14)
  4 manticores
  A cyclops (D:14)
  4 elephants
  7 black mambas
  2 orange demons
  2 gargoyles
  A torpor snail (Lair:4)
  8 cane toads
  2 unseen horrors (D:12)
  3 rime drakes
  2 kobold demonologists
  5 komodo dragons
  3 polar bears
  2 hornets
  A troll (D:12)
  10 blink frogs
  11 dream sheep (Lair:6)
  10 slime creatures
  A spriggan (Lair:5)
  43 yaks
  3 wyverns
  A shadow (D:11)
  9 wraiths
  Eustachio (D:6)
  2 vampires
  3 basilisks
  A steam dragon (D:8)
  3 vampire mosquitoes (D:11)
  3 acid dragons
  15 water moccasins
  Duvessa (D:6)
  8 orc warriors
  A sky beast (D:6)
  2 ice beasts
  6 black bears
  6 centaurs
  55 wolves
  An ogre (D:7)
  5 kobold brigands
  13 bullfrogs
  A necrophage (D:8)
  2 scorpions
  12 wights
  Dowan (D:6)
  9 electric eels
  2 vampire bats (D:3)
  3 howler monkeys
  4 hounds
  A jelly (D:5)
  10 orc priests
  Jessica (D:2)
  4 iguanas
  Natasha (thrice) (D:2)
  17 orc wizards
  6 adders
  6 gnolls
  A white imp (D:7)
  A worm (D:3)
  3 dart slugs
  45 orcs
  2 ball pythons
  8 endoplasms
  4 giant cockroaches
  5 goblins
  7 hobgoblins
  7 jackals
  3 quokkas
  10 bats
  2 frilled lizards
  30 kobolds
  5 rats
500 creatures vanquished.

Vanquished Creatures (collateral kills)
  A hydra (D:12)
  A boulder beetle (D:13)
  A two-headed ogre (D:13)
  An orange demon (D:12)
  A red devil (D:12)
  6 yaks
  A basilisk (Lair:4)
  An acid dragon (D:12)
13 creatures vanquished.

Vanquished Creatures (others)
  A two-headed ogre (D:12)
  2 orange demons (D:12)
  An orc warrior (D:9)
  2 humans
  An electric eel (D:14)
  A kobold (D:8)
  60 fungi
  167 plants
235 creatures vanquished.

Grand Total: 748 creatures vanquished

Notes
Turn   | Place    | Note
-------+----------+-------------------------------------------
     0 | D:1      | dolemite99 the Hill Orc Fighter began the quest for the
                  | Orb.
     0 | D:1      | Reached XP level 1. HP: 19/19 MP: 1/1
     1 | D:1      | Found a faded altar of an unknown god.
     1 | D:1      | Noticed a golden eye
     5 | D:1      | Noticed a great orb of eyes
    12 | D:1      | Noticed a shining eye
    12 | D:1      | Noticed a floating eye
    26 | D:1      | Prayed at the altar of an unknown god.
    26 | D:1      | Became a worshipper of Zin the Law-Giver
    26 | D:1      | Reached * piety under Zin
    54 | D:1      | Reached skill level 3 in Axes
   277 | D:1      | Reached XP level 2. HP: 26/26 MP: 2/2
   388 | D:1      | Reached skill level 4 in Axes
   806 | D:1      | Reached ** piety under Zin
  1321 | D:2      | Reached XP level 3. HP: 31/31 MP: 3/3
  1628 | D:2      | Noticed Jessica
  1653 | D:2      | Killed Jessica
  1654 | D:2      | Reached skill level 5 in Axes
  1654 | D:2      | Reached XP level 4. HP: 30/39 MP: 4/4
  2351 | D:2      | Noticed Natasha
  2355 | D:2      | Killed Natasha
  2356 | D:2      | Reached skill level 6 in Axes
  2656 | D:2      | Noticed Natasha
  2666 | D:2      | Killed Natasha
  2688 | D:2      | Noticed Natasha
  2693 | D:2      | Killed Natasha
  2694 | D:2      | Reached XP level 5. HP: 37/45 MP: 5/5
  2784 | D:3      | Reached skill level 7 in Axes
  3148 | D:3      | Reached skill level 8 in Axes
  3148 | D:3      | Reached XP level 6. HP: 50/51 MP: 6/6
  3415 | D:3      | Found a radiant altar of Vehumet.
  3426 | D:3      | Reached *** piety under Zin
  3547 | D:3      | Found an opulent altar of Gozag.
  3582 | D:3      | Fell from the grace of Zin
  3582 | D:3      | Became a worshipper of Gozag Ym Sagoz the Greedy
  4019 | D:4      | Found Katoolaar's Distillery.
  4039 | D:4      | Bought a potion of heal wounds for 70 gold pieces
  4039 | D:4      | Bought a potion of lignification for 42 gold pieces
  4206 | D:4      | Identified the +1 ring mail "Zuetyuty" {Dex+3}
  4291 | D:4      | You fall into a shaft and drop 3 floors!
  4319 | D:7      | Reached skill level 9 in Axes
  4351 | D:7      | Reached XP level 7. HP: 35/57 MP: 7/7
  4377 | D:7      | Reached skill level 10 in Axes
  4624 | D:7      | Found a glowing silver altar of Zin.
  5109 | D:5      | Entered Level 5 of the Dungeon
  5280 | D:5      | Reached skill level 11 in Axes
  5453 | D:5      | Found a staircase to the Ecumenical Temple.
  5641 | D:5      | Reached XP level 8. HP: 64/64 MP: 8/8
  5671 | D:5      | Reached skill level 12 in Axes
  6340 | D:4      | Found an ancient bone altar of Kikubaaqudgha.
  6983 | D:5      | Found a sacrificial altar of Ru.
  7003 | D:5      | Found a blossoming altar of Fedhas.
  7222 | D:6      | Reached skill level 13 in Axes
  7279 | D:6      | Noticed Eustachio
  7302 | D:6      | Killed Eustachio
  7458 | D:6      | Noticed Duvessa
  7458 | D:6      | Noticed Dowan
  7465 | D:6      | Killed Duvessa
  7469 | D:6      | Killed Dowan
  7470 | D:6      | Reached skill level 14 in Axes
  8074 | D:7      | Reached XP level 9. HP: 67/70 MP: 9/9
  8326 | D:7      | Reached skill level 15 in Axes
  9058 | D:8      | Noticed an elephant
  9080 | D:8      | Reached skill level 5 in Fighting
  9094 | D:8      | Killed an elephant
  9515 | D:8      | Found a staircase to the Lair.
  9535 | D:8      | Reached skill level 5 in Armour
  9539 | D:8      | Reached XP level 10. HP: 58/88 MP: 10/10
 10971 | D:9      | Found a staircase to the Orcish Mines.
 11075 | D:9      | Noticed a two-headed ogre
 11077 | D:9      | Reached skill level 10 in Armour
 11100 | D:9      | Killed a two-headed ogre
 11402 | D:9      | Found a burning altar of Makhleb.
 11402 | D:9      | Noticed a green death
 11463 | D:9      | Noticed a two-headed ogre
 11463 | D:9      | Noticed a gargoyle
 11463 | D:9      | Noticed a kobold demonologist
 11521 | D:9      | Killed a gargoyle
 11522 | D:9      | Reached XP level 11. HP: 80/93 MP: 11/11
 11733 | D:9      | Noticed a manticore
 11748 | D:9      | Killed a manticore
 12161 | D:9      | Killed a two-headed ogre
 12194 | D:9      | Identified the +5 plate armour of the Vaults {rPois}
 12370 | D:10     | Entered Level 10 of the Dungeon
 13514 | D:10     | Reached skill level 1 in Evocations
 14005 | D:11     | Noticed Erolcha
 14012 | D:11     | Killed Erolcha
 14919 | D:11     | Noticed Gastronok
 14933 | D:11     | Killed Gastronok
 14934 | D:11     | Reached skill level 5 in Evocations
 15267 | D:12     | Noticed a five-headed hydra
 15274 | D:12     | Noticed a sixfirhy
 15726 | D:8      | Bought a +2 sling of freezing for 191 gold pieces
 15732 | Lair:1   | Entered Level 1 of the Lair of Beasts
 15753 | Lair:1   | Noticed a seven-headed hydra
 15757 | Lair:1   | Killed a seven-headed hydra
 15758 | Lair:1   | Reached XP level 12. HP: 103/103 MP: 12/12
 15967 | Lair:1   | Noticed Urug
 15975 | Lair:1   | Killed Urug
 16106 | Lair:1   | Reached skill level 5 in Ranged Weapons
 17021 | Lair:1   | Got the Incunabulum of Lightness
 17299 | Lair:2   | Noticed a four-headed hydra
 17310 | Lair:2   | Killed a four-headed hydra
 17891 | Lair:2   | Noticed a catoblepas
 17914 | Lair:2   | Killed a catoblepas
 18202 | Lair:2   | Found a hole to the Spider Nest.
 18261 | Lair:2   | Identified the +9 war axe of the Mind {venom, Str+2 Dex+2}
 19754 | Lair:3   | Noticed a five-headed hydra
 19761 | Lair:3   | Killed a five-headed hydra
 19943 | Lair:3   | Found a staircase to the Swamp.
 20160 | Lair:3   | Noticed Amaemon
 20222 | Lair:3   | Killed Amaemon
 20449 | Lair:3   | Reached XP level 13. HP: 111/111 MP: 13/13
 21541 | Lair:4   | Reached skill level 10 in Fighting
 23022 | Lair:5   | Noticed Sonja
 23029 | Lair:5   | Killed Sonja
 24181 | Lair:6   | Entered Level 6 of the Lair of Beasts
 24189 | Lair:6   | Reached skill level 16 in Axes
 25215 | Lair:6   | Reached skill level 17 in Axes
 25535 | Lair:6   | Reached XP level 14. HP: 104/129 MP: 14/14
 25704 | Lair:6   | Reached skill level 18 in Axes
 25880 | Lair:6   | Found a staircase to the Slime Pits.
 29359 | Lair:6   | Reached skill level 10 in Ranged Weapons
 30537 | Lair:6   | Found the amulet of Vitality {RegenMP++ Regen++}
 31901 | D:12     | Noticed Josephine
 31915 | D:12     | Killed Josephine
 33126 | D:13     | Identified the amulet "Witan" {Spirit +Inv rC+}
 33615 | D:14     | Noticed a deep elf demonologist
 33615 | D:14     | Noticed a white very ugly thing
 33629 | D:14     | Found a frozen archway.
 33632 | IceCv    | Entered an ice cave
 33640 | IceCv    | Slain by a minotaur simulacrum

Illustrated notes

Levels and vault maps discovered:
D:1:      dpeg_arrival_tiny_i, layout_basic,
          hellmonk_ecumenical_altar_watching_god
D:2:      layout_basic, uniq_natasha, uniq_jessica
D:3:      layout_basic, nicolae_gozag_cash_rules_everything_around_me,
          lemuel_crystal_altar, roderic_batcave
D:4:      layout_basic, tgw_kikubaaqudgha, serial_shops, nicolae_stop_n_shop_1
D:5:      layout_cave_pods, mainiacjoe_overflow_swirl,
          minmay_temple_entry_junction
D:6:      layout_gridville, uniq_duvessa, uniq_eustachio
D:7:      layout_basic, mainiacjoe_overflow_surrounded_room, enter_bailey_7
D:8:      layout_rooms, david_lair_generic, serial_park_tiny_pond
D:9:      layout_basic, makhleb_altar_promises_db, david_orc_4, minivault_21,
          grunt_ministairs_10, grunt_potential
D:10:     layout_basic, chequers_serial_rivers_micro_e, kennysheep_boxes
D:11:     layout_cross, uniq_erolcha, uniq_gastronok
D:12:     layout_cave_pods, minmay_beelzebubs_servants, uniq_josephine
D:13:     layout_cave_pools
D:14:     layout_roguey, ximxim_vaults_locker_room,
          portal_ice_cave_entry_ugly_swarm, serial_bayou, serial_bayou_pond_e,
          serial_bayou_pond_c, serial_bayou_shore_b, serial_bayou_pond_a,
          dancing_weapons_uskayaw
Lair:1:   layout_chaotic_city, serial_forest, infiniplex_forest_lined_room_2,
          infiniplex_forest_clump_medium, infiniplex_forest_clump_long,
          infiniplex_forest_straight_2, infiniplex_forest_end_3,
          infiniplex_forest_straight_2, infiniplex_forest_clump_curved,
          infiniplex_forest_clump_small, infiniplex_forest_straight_3,
          serial_bayou_pond_a, beast_lair_carwin_3, uniq_urug
Lair:2:   layout_gridlike, spider_nest_entry_web_field, serial_bayou_crossing
Lair:3:   layout_big_grid, skrybe_swamp_entry_bodies, uniq_amaemon
Lair:4:   layout_gridlike
Lair:5:   layout_regular_city, grunt_forest_large_clearings, uniq_sonja
Lair:6:   evilmike_catoblepas_cave, layout_concentric_octagons,
          dpeg_slime_entry_corner
IceCv:    ice_cave_tombish

Skill      XL: |  1  2  3  4  5  6  7  8  9 10 11 12 13 14 |
---------------+-------------------------------------------+-----
Axes           | 3 4 5 6 8 9 11 14 15 17 18 | 18.0
Fighting       | 7 8 9 13 14 | 14.6
Armour         | 6 11 12 14 | 14.1
Evocations     | 6 |  6.6
Ranged Weapons | 2 9 11 | 11.0
Shields        | |  3.2

Action                   |  1- 3 |  4- 6 |  7- 9 | 10-12 | 13-15 || total
-------------------------+-------+-------+-------+-------+-------++-------
Melee: War axe           |    63 |   110 |   236 |   404 |       ||   813
       Broad axe         |       |       |       |   193 |   765 ||   958
       Eveningstar       |       |       |       |       |     7 ||     7
 Fire: Sling             |       |       |       |    50 |   102 ||   152
Throw: Boomerang         |       |    26 |    57 |    60 |    68 ||   211
Invok: Potion Petition   |       |       |       |     1 |     1 ||     2
       Call Merchant     |       |       |       |     1 |       ||     1
       Bribe Branch      |       |       |       |       |     1 ||     1
Evoke: Wand              |       |       |       |    50 |    17 ||    67
  Use: Scroll            |       |     5 |     8 |     9 |    10 ||    32
       Potion            |       |       |     1 |    10 |     2 ||    13
 Stab: Invisible         |       |       |     5 |     7 |       ||    12
       Distracted        |       |       |       |     2 |     5 ||     7
Armor: Scale mail        |    26 |    42 |       |       |       ||    68
       Chain mail        |       |    17 |   118 |    67 |       ||   202
       Plate armour      |       |       |       |   404 |   636 ||  1040
Dodge: Dodged            |    29 |    62 |    51 |   212 |   275 ||   629
Block: Buckler           |    13 |    33 |    30 |   133 |   174 ||   383

Table legend: (Time is in decaauts)
 A = Elapsed time spent in this place.
 B = Non-inter-level travel time spent in this place.
 C = Inter-level travel time spent in this place.
 D = Time resting spent in this place.
 E = Time spent auto-exploring this place.
 F = Levels seen in this place.
 G = Mean time per level.
                   A        B        C        D        E       F      G
               +--------+--------+--------+--------+--------+-----+--------+
         Total |  33492 |  32652 |    840 |  13610 |  13461 |  21 | 1594.9 |
       Dungeon |  18601 |  18010 |    591 |   6315 |   8385 |  14 | 1328.6 |
          Lair |  14884 |  14635 |    249 |   7295 |   5076 |   6 | 2480.7 |
      Ice Cave |      6 |      6 |      0 |      0 |      0 |   1 |    6.0 |
               +--------+--------+--------+--------+--------+-----+--------+

Top non-repeatable levels by time:
  Lair:6: 6049 daAuts
    D:10: 2242 daAuts
     D:9: 2199 daAuts
  Lair:5: 2006 daAuts
  Lair:2: 1948 daAuts
    D:11: 1878 daAuts
  Lair:3: 1782 daAuts
     D:2: 1687 daAuts
  Lair:1: 1565 daAuts
  Lair:4: 1532 daAuts
     D:7: 1446 daAuts
     D:6: 1345 daAuts
     D:3: 1296 daAuts
    D:12: 1279 daAuts
     D:8: 1168 daAuts
